 Dungeon Crawl Stone Soup version 0.30.1-9-gdf580d7c3d (webtiles) character file.

Game seed: 9375962575642419230

735 booth the Chopper (level 7, 0/56 HPs)
             Began as a Demonspawn Monk on Oct 18, 2023.
             Succumbed to a water moccasin's poison
             ... on level 4 of the Dungeon.
             The game lasted 00:21:49 (4491 turns).

booth the Chopper (Demonspawn Monk)                 Turns: 4491, Time: 00:21:50

Health: 0/56       AC:  7    Str: 12 (14) XL:     7   Next: 45%
Magic:  7/7        EV: 13    Int: 12 (13) God:
Gold:   117        SH:  0    Dex: 12 (15) Spells: 6/6 levels left

rFire   + . .        a - +1 hand axe
rCold   + . .        d - orb {light}
rNeg    . . .        l - +0 leather armour
rPois   +            (helmet restricted)
rElec   +            t - +2 cloak
rCorr   +            k - +0 pair of gloves
SInv    .            (no boots)
Will    .....        (no amulet)
Stlth   +            (no ring)
HPRegen 0.29/turn    (no ring)
MPRegen 0.10/turn

%: no passive effects
@: lethally poisoned (0 -> -5), about to teleport, resistant, glowing
A: horns 2, foul stench 2, powered by pain 1, big brain 1
a: no special abilities


You were on level 4 of the Dungeon.
You visited 1 branch of the dungeon, and saw 4 of its levels.

You collected 117 gold pieces.

Inventory:

Hand Weapons
 a - a +1 hand axe (weapon)
 n - a +0 mace
 s - a +1 flail of protection
Missiles
 j - 8 poisoned darts
 q - 2 boomerangs (quivered)
Armour
 d - an orb of light (worn)
 k - a +0 pair of gloves (worn)
 l - a +0 leather armour (worn)
 t - a +2 cloak (worn)
 w - a +0 ring mail
Jewellery
 b - a ring of wizardry
 u - an amulet of faith
Wands
 h - a wand of flame (22)
 o - a wand of roots (7)
Scrolls
 e - a scroll of magic mapping {unknown}
 g - a scroll of poison
 v - a scroll of acquirement
Potions
 c - 2 potions of ambrosia
 m - a potion of cancellation


   Skills:
 + Level 5.1 Fighting
 * Level 6.0 Axes
 + Level 4.6 Dodging


You had 6 spell levels left.
You didn't know any spells.
Your spell library contained the following spells:

 Spells                   Type           Power      Damage    Failure   Level
 Kiss of Death            Conj/Necr      0%         2d5       38%         1
 Poisonous Vapours        Pois/Air       0%         N/A       54%         2
 Confusing Touch          Hex            0%         N/A       77%         3
 Mephitic Cloud           Conj/Pois/Air  0%         N/A       77%         3
 Dispel Undead            Necr           0%         3d6       99%         4
 Freezing Cloud           Conj/Ice/Air   0%         6-21      100%        5


Dungeon Overview and Level Annotations

Branches:
Dungeon (4/15)
 Temple: D:4-7

Altars:

Annotations:
D:4 4 runed translucent doors


Innate Abilities, Weirdness & Mutations

You have a pair of horns on your head.
You sometimes emit foul miasma when damaged in melee.
You sometimes gain a little power by taking damage.
You have an unusually large brain. (Int +2)


Message History

You feel very sick. The water moccasin bites you.
The water moccasin attacks as you move away!
The water moccasin barely misses you.
You feel sick.
Items here: ! )) [[ ††.
You feel sick.
You barely miss the water moccasin.
The water moccasin is severely wounded.
You feel sick. The water moccasin bites you.
* * * LOW HITPOINT WARNING * * *
You are lethally poisoned!
The water moccasin poisons you!
You feel protected.
* * * LOW HITPOINT WARNING * * *
You feel very sick.
The water moccasin barely misses you. x2
This is a scroll of acquirement!
It was a potion of mutation.
You feel extremely strange. The horns on your head grow some more.
* * * LOW HITPOINT WARNING * * *
You feel very sick. The water moccasin closely misses you.
You barely miss the water moccasin.
The water moccasin is severely wounded.
* * * LOW HITPOINT WARNING * * *
You feel very sick. The water moccasin bites you.
* * * LOW HITPOINT WARNING * * *
As you read the scroll labelled MIOMEPLATHOO, it crumbles to dust.
You feel strangely unstable.
It was a scroll of teleportation.
* * * LOW HITPOINT WARNING * * *
You feel sick.
The water moccasin closely misses you. x2
It was a potion of degeneration.
There was something very wrong with that liquid.
You feel weakened.
You feel dopey.
You feel clumsy.
* * * LOW HITPOINT WARNING * * *
You feel sick. The water moccasin closely misses you.
You barely miss the water moccasin. You headbutt the water moccasin!
The water moccasin is almost dead.
You die...

##### ..... .##..
####.....######
#... #.##@SJ.#
##.#####.#)####.#
##........#)†# #
#..##++##.'†#.#
#.##8.Y8#######
#.#8....8#
#.#!....)#
#.#:....[#
#.#8....8#


You could see a water moccasin and an endoplasm.

Vanquished Creatures
  Duvessa (D:4)
  A bullfrog (D:3)
  Blork the orc (D:4)
  2 scorpions (D:4)
  Dowan (D:4)
  A hound (D:3)
  Crazy Yiuf (D:3)
  A gnoll bouda (D:4)
  Robin (D:4)
  7 gnolls (D:4)
  8 adders
  5 worms
  2 dart slugs
  8 orcs
  8 ball pythons
  3 endoplasms
  4 giant cockroaches
  11 goblins
  12 hobgoblins
  3 jackals (D:1)
  3 quokkas
  6 bats
  A frilled lizard (D:3)
  2 kobolds
  4 rats
97 creatures vanquished.

Notes
Turn   | Place    | Note
-------+----------+-------------------------------------------
     0 | D:1      | booth the Demonspawn Monk began the quest for the Orb.
     0 | D:1      | Reached XP level 1. HP: 18/18 MP: 1/1
   118 | D:1      | Gained mutation: You sometimes gain a little power by
                  | taking damage. [demonic ancestry]
   118 | D:1      | Reached XP level 2. HP: 23/24 MP: 2/2
   167 | D:1      | Reached skill level 3 in Axes
  1046 | D:2      | Reached XP level 3. HP: 29/29 MP: 3/3
  1657 | D:2      | Gained mutation: You have a pair of small horns on your
                  | head. [demonic ancestry]
  1657 | D:2      | Reached XP level 4. HP: 32/36 MP: 4/4
  2297 | D:3      | Reached skill level 4 in Axes
  2689 | D:3      | Gained mutation: You may rarely emit foul miasma when
                  | damaged in melee. [demonic ancestry]
  2689 | D:3      | Reached XP level 5. HP: 28/42 MP: 5/5
  2781 | D:3      | Found a runed translucent door.
  2782 | D:3      | Noticed Crazy Yiuf
  3101 | D:3      | Killed Crazy Yiuf
  3264 | D:3      | Gained mutation: You have an unusually large brain. (Int
                  | +2) [demonic ancestry]
  3264 | D:3      | Reached XP level 6. HP: 37/48 MP: 6/6
  3491 | D:4      | Reached skill level 5 in Axes
  3711 | D:4      | Noticed Blork the orc
  3730 | D:4      | Killed Blork the orc
  3872 | D:4      | Gained mutation: You sometimes emit foul miasma when
                  | damaged in melee. [demonic ancestry]
  3872 | D:4      | Reached XP level 7. HP: 51/55 MP: 7/7
  4031 | D:4      | Noticed Duvessa
  4043 | D:4      | Killed Duvessa
  4044 | D:4      | Reached skill level 5 in Fighting
  4133 | D:4      | Noticed Dowan
  4157 | D:4      | Killed Dowan
  4413 | D:4      | Found a large runed translucent door.
  4417 | D:4      | Found a large runed translucent door.
  4431 | D:4      | Found a large runed translucent door.
  4431 | D:4      | Found a large runed translucent door.
  4463 | D:4      | Noticed Robin
  4469 | D:4      | Killed Robin
  4475 | D:4      | Reached skill level 6 in Axes
  4487 | D:4      | Identified a scroll of acquirement
  4487 | D:4      | Gained mutation: You have a pair of horns on your head.
                  | [potion of mutation]
  4490 | D:4      | HP: 1/56 [poisoned by a water moccasin]
  4491 | D:4      | Succumbed to a water moccasin's poison

Illustrated notes

Levels and vault maps discovered:
D:1:      wander_arrival_chamber, layout_basic, hangedman_decor_opposing,
          skrybe_limestone_x
D:2:      layout_basic
D:3:      layout_loops_corners, grunt_ministairs_7, uniq_crazy_yiuf_cottage
D:4:      layout_rooms, tso_oasis_becter, mainiacjoe_overflow_six_doors_small,
          serial_glass, glass_columns_a, glass_columns_a,
          minmay_hollow_rounded_squares, uniq_robin, uniq_blork_the_orc,
          uniq_duvessa

Skill      XL: |  1  2  3  4  5  6  7 |
---------------+----------------------+-----
Axes           | 3 4 5 6 |  6.0
Dodging        | 3 4 |  4.6
Fighting       | 4 5 |  5.1

Action                     |  1- 3 |  4- 6 |  7- 9 || total
---------------------------+-------+-------+-------++-------
  Melee: Hand axe          |   122 |   138 |    72 ||   332
         Headbutt          |       |    33 |    14 ||    47
  Throw: Dart              |       |     9 |     2 ||    11
         Boomerang         |       |     5 |     6 ||    11
    Use: Scroll            |     4 |     4 |     1 ||     9
         Potion            |       |     5 |     4 ||     9
 Armour: Robe              |    20 |       |       ||    20
         Leather armour    |     4 |    41 |    13 ||    58
  Dodge: Dodged            |    78 |    89 |    41 ||   208
